 Dungeon Crawl Stone Soup version 0.23.2-1-ga50397a6bc (webtiles) character file.

Game seed: 515980982710271599

2398 Mrkan the Blocker (level 9, -2/51 HPs)
             Began as a Gargoyle Fighter on May 18, 2019.
             Was a Believer of the Shining One.
             Slain by Harold
             ... wielding a +0 battleaxe
              (13 damage)
             ... on level 7 of the Dungeon.
             The game lasted 00:09:59 (5304 turns).

Mrkan the Blocker (Gargoyle Fighter)                Turns: 5304, Time: 00:09:59

Health: -2/51      AC: 14    Str: 23    XL:     9   Next: 46%
Magic:  13/13      EV:  8    Int:  9    God:    the Shining One [**....]
Gold:   213        SH: 11    Dex:  9    Spells: 8/8 levels left

rFire    . . .     SeeInvis .   z - +2 whip (elec)
rCold    . . .     Gourm    .   c - +0 shield
rNeg     + + .     Faith    .   b - +0 scale mail
rPois    ∞         Spirit   .   x - +0 helmet
rElec    +         Reflect  .   (no cloak)
rCorr    .         Harm     .   (no gloves)
MR       .....                  (no boots)
Stlth    ..........             (no amulet)
HPRegen  0.17/turn              (no ring)
MPRegen  0.13/turn              (no ring)

@: marked, glowing
A: negative energy resistance 1, electricity resistance, unbreathing,
petrification resistance, rot immunity, AC +6
a: Divine Shield, Renounce Religion


You were on level 7 of the Dungeon.
You worshipped the Shining One.
The Shining One was pleased with you.
You were very hungry.

You visited 1 branch of the dungeon, and saw 7 of its levels.

You collected 213 gold pieces.

Inventory:

Hand Weapons
 y - the +7 trident of Indomitability {pierce, Int+4 SInv Stlth+, unknown}
   (You found it on level 4 of the Dungeon)

   It inflicts extra damage upon your enemies.
   It affects your intelligence (+4).
   It lets you see invisible.
   It makes you more stealthy.
 z - a +2 whip of electrocution (weapon)
Armour
 b - a +0 scale mail (worn)
 c - a +0 shield (worn)
 s - a cursed +0 pair of gloves
 x - a +0 helmet (worn)
 F - a +0 pair of boots
Jewellery
 h - an uncursed ring of ice {unknown}
 t - an uncursed amulet of regeneration {unknown}
 w - an uncursed ring of wizardry {unknown}
 A - an uncursed ring of fire {unknown}
 B - a +4 amulet of reflection {unknown}
 C - a +4 ring of dexterity
 G - an uncursed ring of see invisible {unknown}
Wands
 r - a wand of flame (16)
Scrolls
 g - 7 scrolls of fog {unknown}
 i - 9 scrolls of remove curse {unknown}
 j - 5 scrolls of identify {unknown}
 m - a scroll of noise {unknown}
 o - 4 scrolls of teleportation {unknown}
 p - 2 scrolls of magic mapping {unknown}
 q - 5 scrolls of enchant weapon {unknown}
 v - 2 scrolls of amnesia {unknown}
 D - 2 scrolls of blinking {unknown}
 E - a scroll of fear {unknown}
 H - a scroll of summoning {unknown}
Potions
 a - 2 potions of resistance {unknown}
 d - a potion of might
 e - 8 potions of curing {unknown}
 k - a potion of berserk rage {unknown}
 l - a potion of degeneration {unknown}
 n - a potion of heal wounds {unknown}
 u - 2 potions of haste
 I - a potion of lignification {unknown}
Comestibles
 f - 20 rations


   Skills:
 - Level 3.2 Fighting
 * Level 8.2 Maces & Flails
 - Level 3.2 Armour
 * Level 9.3 Shields
 + Level 5.5 Invocations


You had 8 spell levels left.
You didn't know any spells.
Your spell library was empty.

Dungeon Overview and Level Annotations

Branches:
Dungeon (7/15)
 Temple: D:4-7

Altars:
Fedhas
Hepliaklqana
Kikubaaqudgha
Qazlal
Sif Muna
Uskayaw
Vehumet
The Shining One

Shops:
D:5 =   D:6 [

Annotations:
D:7 Harold


Innate Abilities, Weirdness & Mutations

You are resistant to torment.
Your stone body is resilient. (AC +6)
You are immune to poison.
You resist negative energy. (rN+)
You are resistant to electric shocks. (rElec)
You can survive without breathing.
You are immune to petrification.
You are immune to rotting.


Message History

Harold is lightly wounded.
Harold hits you but does no damage.
You hit Harold.
Harold is lightly wounded.
Harold closely misses you.
You hit Harold. Lightning courses through Harold!
Harold is moderately wounded.
Harold points at you and mumbles some strange words.
The mark upon you grows brighter.
You hit Harold.
Harold is moderately wounded.
Harold hits you with a +0 battleaxe!
You hit Harold.
Harold is heavily wounded.
Harold hits you with a +0 battleaxe!
* * * LOW HITPOINT WARNING * * *
You hit Harold but do no damage. Lightning courses through Harold!!
Harold is severely wounded.
Harold hits you with a +0 battleaxe!
You die...

#.. #..
#.################
..............'..>
#o##..........#.#'
#o##..........#...
#####@##..........#...
#..))@##..........#...
#.####...........###..
+. +...........###..
.. #.......(....##..
... #..........#.##..
..#. #..........#..#..
...#.
#..........##.#..
....#.
#..........##.#..
#................


You could see Harold and 2 orcs.

Vanquished Creatures
  An ugly thing (D:6)
  2 hippogriffs
  A shadow (D:7)
  Duvessa (D:7)
  A phantom (D:7)
  3 ogres
  A big kobold (D:7)
  4 bullfrogs
  Dowan (D:7)
  A water moccasin zombie (D:5)
  2 howler monkeys
  A bullfrog zombie (D:5)
  3 hounds
  An orc wizard (D:7)
  A gnoll shaman (D:6)
  Natasha (twice) (D:2)
  3 worker ants
  A hound zombie (D:7)
  2 worker ant zombies (D:6)
  3 gnolls (D:6)
  9 adders
  2 shadow imps
  An ooze (D:4)
  2 adder skeletons
  A worm (D:2)
  A dart slug (D:2)
  2 leopard geckos
  9 orcs
  2 ball pythons
  5 bats
  9 giant cockroaches
  5 goblins
  6 hobgoblins
  6 jackals
  4 quokkas
  5 frilled lizards
  5 kobolds
  A quokka skeleton (D:5)
  8 rats
118 creatures vanquished.

Notes
Turn   | Place    | Note
-------+----------+-------------------------------------------
     0 | D:1      | Mrkan the Gargoyle Fighter began the quest for the Orb.
     0 | D:1      | Reached XP level 1. HP: 14/14 MP: 1/1
    83 | D:1      | Reached XP level 2. HP: 19/19 MP: 2/2
   981 | D:2      | Reached XP level 3. HP: 23/23 MP: 3/3
  1005 | D:2      | Reached skill level 4 in Shields
  1324 | D:2      | Reached XP level 4. HP: 27/28 MP: 4/4
  1334 | D:2      | Found a glowing golden altar of the Shining One.
  1339 | D:2      | Became a worshipper of the Shining One
  1486 | D:2      | Noticed Natasha
  1499 | D:2      | Killed Natasha
  1729 | D:2      | Noticed Natasha
  1756 | D:2      | Killed Natasha
  1756 | D:2      | Reached XP level 5. HP: 12/32 MP: 5/5
  2185 | D:3      | Reached skill level 1 in Invocations
  2348 | D:3      | Found a stormy altar of Qazlal.
  2351 | D:3      | Found a blossoming altar of Fedhas.
  2888 | D:4      | Found a hide-covered altar of Uskayaw.
  2888 | D:4      | Noticed a +0 hand axe
  2888 | D:4      | Noticed a +0 dagger
  2917 | D:4      | Noticed an ogre
  3251 | D:4      | Killed an ogre
  3251 | D:4      | Reached skill level 5 in Shields
  3251 | D:4      | Reached XP level 6. HP: 28/37 MP: 5/7
  3358 | D:4      | Got a steaming trident
  3813 | D:5      | Entered Level 5 of the Dungeon
  3831 | D:5      | Found Henir's Jewellery Emporium.
  3952 | D:5      | Reached * piety under the Shining One
  4013 | D:5      | Reached skill level 5 in Maces & Flails
  4013 | D:5      | Reached skill level 6 in Shields
  4013 | D:5      | Reached XP level 7. HP: 39/41 MP: 8/8
  4207 | D:5      | Found a deep blue altar of Sif Muna.
  4233 | D:5      | Found a radiant altar of Vehumet.
  4233 | D:5      | Found a hazy altar of Hepliaklqana.
  4353 | D:6      | Noticed a hippogriff
  4357 | D:6      | Noticed a green ugly thing
  4360 | D:6      | Killed a hippogriff
  4466 | D:6      | Reached skill level 7 in Shields
  4466 | D:6      | Reached XP level 8. HP: 30/46 MP: 10/10
  4569 | D:6      | Killed a green ugly thing
  4569 | D:6      | Reached skill level 8 in Shields
  4796 | D:6      | Found Moqoes's Armour Boutique.
  4856 | D:6      | Found an ancient bone altar of Kikubaaqudgha.
  5074 | D:7      | Reached XP level 9. HP: 49/51 MP: 12/12
  5077 | D:7      | Reached ** piety under the Shining One
  5083 | D:7      | Noticed Duvessa
  5083 | D:7      | Noticed Dowan
  5092 | D:7      | Killed Duvessa
  5092 | D:7      | Reached skill level 5 in Invocations
  5095 | D:7      | Killed Dowan
  5113 | D:7      | Reached skill level 9 in Shields
  5278 | D:7      | Noticed Harold
  5304 | D:7      | Slain by Harold

Skill      XL: |  1  2  3  4  5  6  7  8  9 |
---------------+----------------------------+-----
Shields        | 4 5 6 7 8 9 |  9.3
Maces & Flails | 3 4 5 6 7 8 |  8.2
Invocations    | 1 2 3 4 5 |  5.5
Fighting       | |  3.2
Armour         | |  3.2

Action                   |  1- 3 |  4- 6 |  7- 9 || total
-------------------------+-------+-------+-------++-------
Melee: Flail             |   139 |   150 |       ||   289
       Unarmed           |       |     6 |       ||     6
       Whip              |       |    55 |   149 ||   204
  Eat: Chunk             |     2 |     4 |     4 ||    10
       Ration            |       |     1 |       ||     1
Armor: Scale mail        |    81 |    97 |    72 ||   250
       Skin              |       |     1 |       ||     1
Dodge: Dodged            |    38 |    78 |    36 ||   152
Block: Shield            |    78 |   108 |    59 ||   245
